 Dungeon Crawl Stone Soup version 0.21-a0-314-gb3271ec (console) character file.

450478 nht the Whirler (level 23, -6/199 HPs)
             Began as a Gnoll Hunter on Sept 28, 2017.
             Was the Champion of Yredelemnul.
             Killed from afar by an orb of fire (34 damage)
             ... with a bolt of fire
             ... on level 2 of the Realm of Zot on Sept 29, 2017.
             The game lasted 03:25:30 (43048 turns).

nht the Whirler (Gnoll Hunter)                     Turns: 43048, Time: 03:25:31

Health: -6/199     AC: 25    Str: 17    XL:     23   Next: 96%
Magic:  41/41      EV: 17    Int: 23    God:    Yredelemnul [******]
Gold:   1477       SH: 14    Dex: 18    Spells: 9/50 levels left

rFire    . . .     SeeInvis .   a - +9 demon whip (elec)
rCold    . . .     Gourm    .   O - +0 shield
rNeg     . . .     Faith    .   R - +2 storm dragon scales {Bai Suzhen}
rPois    .         Spirit   .   x - +2 hat
rElec    +         Reflect  .   j - +2 cloak {+Inv}
rCorr    .         Harm     .   N - +0 pair of gloves
MR       ++...                  Z - +2 pair of boots
Stlth    +++.......             V - amulet of regeneration
HPRegen  0.83/turn              r - ring of wizardry
MPRegen  0.27/turn              F - ring of protection from magic (curse)

@: about to teleport, corroded, deflect missiles
A: distributed training, fangs 1, horns 1, agile 1, robust 1, strong 1, strong
nose
}: 3/15 runes: decaying, silver, gossamer
a: Recall Undead Slaves, Injury Mirror, Animate Dead, Drain Life, Enslave Soul,
Renounce Religion, Evoke Invisibility


You were on level 2 of the Realm of Zot.
You worshipped Yredelemnul.
Yredelemnul was exalted by your worship.
You were not hungry.

You visited 9 branches of the dungeon, and saw 49 of its levels.
You visited 1 bazaar.
You also visited: Ice Cave and Volcano.

You collected 6155 gold pieces.
You spent 4678 gold pieces at shops.

Inventory:

Hand Weapons
 a - a +9 demon whip of electrocution (weapon)
Armour
 j - a +2 cloak of invisibility (worn)
 x - a +2 hat (worn)
 N - a +0 pair of gloves (worn)
 O - a +0 shield (worn)
 R - +2 storm dragon scales (worn) {Bai Suzhen}
 Z - a +2 pair of boots (worn)
Magical Staves
 o - an uncursed staff of energy {unknown}
Jewellery
 r - a ring of wizardry (left hand)
 s - an uncursed ring of resist corrosion
 F - a cursed ring of protection from magic (right hand)
 V - an amulet of regeneration (around neck)
 W - the amulet of Xom's Hope {rElec rC- Regen+ SInv}
   (You found it on level 5 of the Vaults)

   [amulet of regeneration]

   It makes you vulnerable to cold.
   It insulates you from electricity.
   It lets you see invisible.
   It increases your rate of regeneration.
Wands
 y - a wand of digging (10/24)
 S - a wand of acid (6/15)
Scrolls
 e - 19 scrolls of teleportation
 k - 5 scrolls of amnesia
 u - 14 scrolls of remove curse
 A - 5 scrolls of fog
 C - 5 scrolls of enchant armour
 D - 2 scrolls of fear
 E - 2 scrolls of recharging
 M - a scroll of silence
 P - 4 scrolls of enchant weapon
 Q - 14 scrolls of identify
 U - 5 scrolls of blinking
Potions
 c - 9 potions of haste
 g - 5 potions of might
 i - 8 potions of agility
 l - 6 potions of brilliance
 m - 3 potions of magic
 n - 3 potions of invisibility
 q - 13 potions of flight
 t - 11 potions of heal wounds
 G - a potion of mutation
 I - 4 potions of ambrosia
 J - 18 potions of curing
 K - 2 potions of cancellation
 T - 5 potions of berserk rage
 Y - 8 potions of resistance
Books
 v - a book of Enchantments

   Spells                             Type                      Level
   a - Cause Fear                     Hexes                        4
   b - Yara's Violent Unravelling     Hexes/Transmutation          5
   c - Silence                        Hexes/Air                    5
   d - Deflect Missiles               Charms/Air                   6
   e - Discord                        Hexes                        8
 B - a book of Death

   Spells                             Type                      Level
   a - Corpse Rot                     Necromancy                   2
   b - Sublimation of Blood           Necromancy                   2
   c - Agony                          Necromancy                   5
   d - Dispel Undead                  Necromancy                   5
   e - Excruciating Wounds            Charms/Necromancy            5
   f - Bolt of Draining               Conjuration/Necromancy       5
 L - a book of Unlife

   Spells                             Type                      Level
   a - Recall                         Summoning/Translocation      3
   b - Animate Dead                   Necromancy                   4
   c - Control Undead                 Necromancy                   4
   d - Cigotuvi's Embrace             Necromancy                   5
   e - Death Channel                  Necromancy                   6
   f - Simulacrum                     Ice/Necromancy               6
Miscellaneous
 b - a fan of gales
 d - a phial of floods
 h - a lightning rod (4/4)
 p - 3 boxes of beasts
 z - a crystal ball of energy
Comestibles
 f - 12 bread rations
 w - 26 royal jellies


   Skills:
 + Level 15.3 Fighting
 + Level 14.3 Short Blades
 + Level 14.0 Long Blades
 + Level 14.3 Axes
 + Level 14.7 Maces & Flails
 + Level 14.1 Polearms
 + Level 14.3 Staves
 + Level 16.2 Slings
 + Level 13.7 Bows
 + Level 13.5 Crossbows
 + Level 14.3 Throwing
 + Level 14.8 Armour
 + Level 15.6 Dodging
 + Level 14.5 Stealth
   Level 0.0 Stabbing
 + Level 14.6 Shields
   Level 0.0 Traps
 + Level 14.3 Unarmed Combat
 + Level 14.0 Spellcasting
 + Level 15.1 Conjurations
 + Level 14.7 Hexes
 + Level 14.5 Charms
 + Level 14.7 Summonings
 + Level 14.8 Necromancy
 + Level 14.5 Translocations
 + Level 14.7 Transmutations
 + Level 14.8 Fire Magic
 + Level 14.1 Ice Magic
 + Level 14.6 Air Magic
 + Level 14.1 Earth Magic
 + Level 13.7 Poison Magic
 + Level 14.3 Invocations
 + Level 14.1 Evocations


You had 9 spell levels left.
You knew the following spells:

 Your Spells              Type           Power        Failure   Level  Hunger
a - Death Channel         Necr           ######....   3%          6    #####..
b - Summon Lightning Spi  Summ/Air       ######..     1%          4    None
c - Mephitic Cloud        Conj/Pois/Air  ######..     1%          3    None
d - Airstrike             Air            ######....   1%          4    None
e - Deflect Missiles      Chrm/Air       ######....   4%          6    #####..
f - Swiftness             Chrm/Air       ######..     1%          2    None
g - Summon Hydra          Summ           ######....   21%         7    ######.
h - Apportation           Tloc           ######       1%          1    None
i - Fireball              Conj/Fire      ######....   1%          5    ###....
r - Regeneration          Chrm/Necr      ######....   1%          3    None


Dungeon Overview and Level Annotations

Branches:
Dungeon (15/15)            Temple (0/1) D:6            Lair (6/6) D:11
  Swamp (4/4) Lair:4       Spider (4/4) Lair:3        Slime (0/5) Lair:5
    Orc (2/2) D:12            Elf (3/3) Orc:2        Vaults (5/5) D:14
  Crypt (0/3) Vaults:3     Depths (5/5) D:15            Zot (5/5) Depths:5

Altars:
Ashenzari
Elyvilon
Fedhas
Kikubaaqudgha
Makhleb
Nemelex Xobeh
Sif Muna
Uskayaw
Vehumet
Wu Jian
Xom
Yredelemnul
Zin
Beogh
Jiyva

Shops:
D:9 *   D:10 [%*?   Orc:1 *   Orc:2 %[*(   Elf:2 (   Vaults:1 %*(*
Vaults:2 *%:%?   Vaults:3 %   Vaults:5 ?!!   Depths:1 ![

Portals:
Hell: Depths:1 Depths:2 Depths:3
Abyss: Depths:3 Depths:4 Depths:5
Pandemonium: Depths:2 Depths:3
Trove: D:13 (show slimy rune of Zot)

Annotations:
D:9 1 exclusion


Innate Abilities, Weirdness & Mutations

Your experience applies equally to all skills.
You have very sharp teeth.
Your uncanny sense of smell can sniff out nearby items.
You have a pair of small horns on your head.
You are agile. (Dex +2)
You are robust. (+10% HP)
Your muscles are strong. (Str +2)


Message History

A moth of wrath, an orb of fire, a purple draconian and a draconian shifter come into view.
Unknown command.
As you read the scroll of fog, it crumbles to dust.
The scroll dissolves into smoke.
The orb of fire emits a lurid red light.
The fireball explodes!
The fireball engulfs you!
* * * LOW HITPOINT WARNING * * *
A black draconian comes into view. It is wielding a flail.
The black draconian roars!
You hear a chilling moan.
A golden dragon and a yellow draconian come into view.
As you read the scroll of teleportation, it crumbles to dust.
You feel strangely unstable.
You feel the Orb delaying your translocation!
The death cob hits you but does no damage.
The death cob hits you!
* * * LOW HITPOINT WARNING * * *
The orb of fire emits a lurid red light.
The bolt of fire hits you!
You die...
Your body rises from the dead as a mindless zombie.

*,* **************███.███
,,,,,,,,,**,,,......█ *
,,,,,,,,,*█,**█.....████ *******
,,,,,,,,,*█.███.y......█***,,,,..
,,,,,,,,,██........*....,,,,,,,..
,,,,,*,,,!......y§......,,,,,,,..
,,,,,*,,,......§§§......,,,,,,,,,
,,,,,*,,,,,,*█.§@§......,,,,,,,..
*,****,,,,,,*█.§§z......,*,,,,,..
,,,,,,,,,,,.y...........,,,,,,,..
,,,,,,,,,.......D.......,,,,,,,..
,,,,*,,,,...██..d██.....*,,,,,,..
**,,*,,,,..,*█....,.█...,,,,***██
,,,,,,,,,.,,,D.dqd,,....,,,,,,,..
,,,,,,,,,,,,...d█.,,....*,,,,**██
,,,,,,,,,,,,,,,,,,*,,,,,,,,,,,,**


You could see an orb of fire, 2 golden dragons, a black draconian, a yellow
draconian, a purple draconian, a white draconian, a purple draconian shifter, a
death cob and 2 moths of wrath.

Vanquished Creatures
  Frederick (Vaults:5)
  Boris (Vaults:3)
  A bone dragon (Depths:3)
  2 tentacled monstrosities
  2 Orb Guardians (Zot:5)
  3 death cobs
  A sphinx (Vaults:1)
  4 storm dragons
  A shadow dragon (Vaults:5)
  5 tengu reavers
  An iron dragon (Vaults:5)
  A draconian knight (Zot:4)
  A frost giant (Vaults:3)
  3 deep elf elementalists
  Louise (Depths:3)
  2 emperor scorpions
  7 vault wardens
  A reaper (Depths:2)
  4 ironheart preservers
  3 entropy weavers
  2 very ugly things
  4 stone giants
  3 deep elf demonologists (Elf:3)
  3 deep elf annihilators
  A black draconian (Zot:4)
  2 red draconians
  2 purple draconians (Zot:2)
  3 deep elf death magi (Elf:3)
  Josephine (D:10)
  3 ettins
  3 yaktaur captains
  A minotaur (shapeshifter) (Vaults:5)
  3 fire dragons
  3 great orbs of eyes
  7 hydras
  4 ice dragons
  8 vault guards
  A hell beast (Depths:1)
  A rakshasa (Depths:1)
  A spriggan air mage (Depths:3)
  28 two-headed ogres
  3 centaur warriors
  4 ogre magi
  2 death knights (Vaults:3)
  8 dancing weapons
  3 alligators (Swamp:4)
  3 deep troll shamans
  4 orc high priests (Orc:2)
  4 deep troll earth magi
  Urug (Lair:3)
  A sun demon (Depths:2)
  A vampire mage (Depths:1)
  5 deep elf knights
  A small abomination (Elf:3)
  3 hell knights (Vaults:5)
  Nergalle (D:10)
  2 shadow wraiths
  3 skeletal warriors (Vaults:1)
  The ghost of Ijustatesigmund the Skirmisher, a novice OpFi (D:7)
  2 iron trolls
  10 deep trolls
  2 unseen horrors
  A glowing orange brain (Depths:3)
  An infernal demonspawn (Depths:2)
  5 wizards
  3 deep elf archers
  9 ironbrand convokers
  4 orc knights
  3 orb spiders
  21 deep elf magi
  8 harpies (Vaults:2)
  3 necromancers
  18 wolf spiders
  5 orc sorcerers
  A wolf spider zombie (D:14)
  4 cyclopes
  2 stone giant zombies (Depths:2)
  12 ugly things
  A salamander (shapeshifter) (Vaults:1)
  A human zombie (Vaults:2)
  A rust devil (Depths:1)
  A black mamba (Lair:5)
  3 moths of wrath
  A stone giant skeleton (Vaults:2)
  A naga mage (Depths:3)
  A smoke demon (Depths:2)
  4 vault sentinels
  A torpor snail (shapeshifter) (Vaults:5)
  3 gargoyles
  3 centaur skeletons
  9 spiny frogs
  A rime drake (Lair:3)
  6 freezing wraiths
  8 yaktaurs
  A red devil (Depths:1)
  4 demonic crawlers
  A jumping spider (shapeshifter) (Depths:3)
  A hornet (shapeshifter) (Vaults:1)
  13 jumping spiders
  Prince Ribbit (D:8)
  A meliai (shapeshifter) (Depths:5)
  4 hornets
  A troll (Vaults:1)
  3 bog bodies
  A slime creature (shapeshifter) (Depths:1)
  5 blink frogs
  A tyrant leech (Lair:6)
  13 slime creatures
  2 hippogriffs
  A fire dragon skeleton (Depths:1)
  Sigmund (D:2)
  10 tarantellas
  4 air elementals
  A ynoxinul (Depths:3)
  28 redbacks
  3 water elementals
  7 wraiths
  24 yaks
  A human (shapeshifter) (Elf:1)
  A spriggan (D:9)
  A tarantella (shapeshifter) (Vaults:4)
  A basilisk (D:14)
  A basilisk (shapeshifter) (Vaults:1)
  A fire elemental (Elf:1)
  7 humans (D:14)
  A chaos spawn (Depths:2)
  2 wyverns
  A hungry ghost (D:14)
  6 vampire mosquitoes
  9 wargs
  2 insubstantial wisps (Swamp:4)
  2 soldier ants
  7 swamp worms
  7 water moccasins
  5 porcupines
  A floating eye (Depths:1)
  A swamp drake (Swamp:4)
  5 ice beasts
  An eye of draining (D:12)
  11 orc warriors
  An eye of draining (shapeshifter) (Vaults:4)
  2 necrophages
  5 sky beasts
  An ogre (shapeshifter) (D:15)
  20 ogres
  12 centaurs
  9 boggarts
  A vampire mosquito zombie (Swamp:1)
  2 crocodiles
  A crocodile (shapeshifter) (Depths:5)
  7 bullfrogs
  A big kobold (D:13)
  2 earth elementals (Elf:2)
  A wyvern skeleton (D:12)
  4 scorpions
  6 killer bees
  5 electric eels
  8 wights
  9 howler monkeys
  A bullfrog zombie (D:10)
  8 crimson imps
  A quasit (D:8)
  4 centaur zombies
  9 hounds
  3 jellies
  22 orc priests
  A gnoll shaman (D:4)
  An iron imp (Depths:2)
  A bullfrog skeleton (D:5)
  Jessica (D:2)
  7 worker ants
  Ijyb (D:3)
  Natasha (D:3)
  17 orc wizards
  An iguana (D:10)
  A worker ant zombie (D:8)
  Robin (D:3)
  A howler monkey zombie (D:7)
  An adder (shapeshifter) (Vaults:5)
  18 gnolls
  13 adders
  2 shadow imps (Depths:2)
  A white imp (Depths:2)
  An ufetubus (Vaults:1)
  2 adder skeletons
  12 worms
  2 dart slugs (D:1)
  4 leopard geckos
  79 orcs
  4 bats
  6 giant cockroaches
  2 gnoll zombies (D:6)
  21 goblins
  13 hobgoblins
  6 jackals
  23 kobolds
  4 quokkas
  2 frilled lizards (D:1)
  7 rats
  2 briar patches (Swamp:4)
947 creatures vanquished.

Vanquished Creatures (collateral kills)
  An orb of fire (Zot:1)
  An ancient lich (Depths:3)
  Mara (Swamp:3)
  Bai Suzhen (Vaults:2)
  Margery (Vaults:5)
  Xtahua (Vaults:3)
  5 caustic shrikes (Depths:5)
  Nikola (Spider:1)
  4 golden dragons
  A profane servitor (Depths:3)
  Jorgrun (Vaults:5)
  2 liches
  2 Orb Guardians (Zot:5)
  3 deep elf blademasters
  6 tentacled monstrosities
  3 titans (Vaults:5)
  2 quicksilver dragons
  2 deep elf master archers (Elf:3)
  A sphinx (Vaults:5)
  3 thorn hunters
  2 death cobs
  4 shadow dragons
  Kirke (Lair:4)
  6 storm dragons
  4 tengu reavers
  Roxanne (Swamp:2)
  4 fire giants
  7 deep elf sorcerers
  3 draconian knights
  A draconian scorcher (Zot:2)
  11 vault wardens
  2 orc warlords (Orc:2)
  5 frost giants
  6 ghost moths
  3 emperor scorpions
  Aizul (Swamp:3)
  5 deep elf elementalists
  7 ironheart preservers
  A draconian stormcaller (Depths:5)
  A war gargoyle (Vaults:5)
  4 entropy weavers
  5 stone giants
  3 very ugly things
  A green draconian (Zot:2)
  3 yellow draconians
  2 black draconians
  5 deep elf demonologists
  3 white draconians
  7 deep elf annihilators
  A purple draconian (Zot:4)
  A lorocyproca (Depths:3)
  6 deep elf death magi
  8 ettins
  A spark wasp (Spider:4)
  2 crystal guardians
  2 fire dragons
  11 yaktaur captains
  A deep elf high priest (Elf:3)
  2 great orbs of eyes
  2 ice dragons
  16 hydras
  27 vault guards
  The ghost of Megalobster the Destroyer, a journeyman DECj of Vehumet (Lair:4)
  2 spriggan air magi (Depths:5)
  7 centaur warriors
  4 alligators (Swamp:1)
  A catoblepas (Lair:6)
  3 deep troll shamans
  12 dancing weapons
  32 two-headed ogres
  3 death yaks (Depths:2)
  2 spriggan berserkers (Depths:5)
  12 ogre magi
  3 orc high priests (Orc:2)
  3 tengu warriors
  2 deep troll earth magi
  13 deep elf knights
  A shadow wraith (Vaults:4)
  An iron troll (Depths:3)
  2 hell knights (Vaults:5)
  2 spriggan druids (Swamp:4)
  An unseen horror (shapeshifter) (Depths:5)
  An infernal demonspawn (Depths:3)
  A flayed ghost (Depths:3)
  13 deep trolls
  8 swamp dragons
  An unseen horror (Vaults:1)
  3 wizards
  10 ironbrand convokers
  2 shambling mangroves
  12 deep elf archers
  An orange crystal statue (Depths:3)
  3 phantasmal warriors
  2 orc knights
  3 necromancers
  5 harpies (Vaults:2)
  10 orb spiders
  20 wolf spiders
  19 ugly things
  30 deep elf magi
  3 cyclopes
  A manticore (D:12)
  A moth of wrath (shapeshifter) (Vaults:5)
  4 black mambas
  6 moths of wrath
  3 elephants (Lair:6)
  A centaur zombie (D:14)
  9 vault sentinels
  A gargoyle (D:15)
  2 centaur skeletons
  A naga mage (Depths:3)
  22 spiny frogs
  A rime drake (shapeshifter) (Vaults:4)
  An orange demon (Depths:3)
  42 yaktaurs
  A rime drake (Lair:6)
  2 human zombies
  A spriggan zombie (Depths:2)
  An efreet (D:15)
  3 freezing wraiths
  6 komodo dragons
  2 ice devils (Lair:4)
  8 demonic crawlers
  A tengu conjurer (Depths:5)
  12 tyrant leeches
  A red devil (Depths:3)
  5 trolls
  20 jumping spiders
  3 meliai (D:15)
  A yaktaur skeleton (Depths:1)
  A tyrant leech (shapeshifter) (Depths:1)
  3 hippogriffs
  14 slime creatures
  A polar bear (Lair:4)
  5 bog bodies
  11 hornets
  A raiju (shapeshifter) (Vaults:1)
  A wolf spider simulacrum (D:15)
  A blink frog (shapeshifter) (Vaults:1)
  19 blink frogs
  20 redbacks
  2 shadows
  15 yaks
  A fire dragon skeleton (Depths:1)
  5 spriggans
  A tarantella (shapeshifter) (D:15)
  An ice dragon skeleton (Depths:1)
  10 tarantellas
  6 water elementals
  3 wyverns
  3 hogs (Lair:4)
  A steam dragon (shapeshifter) (Depths:1)
  12 humans (D:14)
  2 basilisks
  A yaktaur simulacrum (Vaults:3)
  2 fire elementals
  17 vampire mosquitoes
  12 swamp worms
  8 insubstantial wisps
  3 wargs
  A swamp worm (shapeshifter) (Vaults:5)
  4 water moccasins
  A soldier ant (shapeshifter) (Vaults:2)
  A porcupine (Lair:2)
  An ice beast (D:15)
  7 swamp drakes
  21 orc warriors
  A black bear (Lair:2)
  A phantom (D:13)
  A sky beast (D:12)
  17 ogres
  4 boggarts
  An elf skeleton (Vaults:3)
  11 centaurs
  An elf simulacrum (Depths:2)
  4 crocodiles
  18 bullfrogs
  2 earth elementals
  An ogre simulacrum (Vaults:1)
  A wyvern skeleton (D:8)
  3 killer bees
  3 wights (D:13)
  An electric eel (D:13)
  3 howler monkeys
  A bullfrog zombie (D:12)
  A human simulacrum (Vaults:3)
  A hound (D:14)
  20 orc priests
  2 bullfrog skeletons
  9 orc wizards
  A worker ant (D:8)
  An adder (D:12)
  2 gnolls (Orc:1)
  2 shadow imps
  2 worms (D:9)
  53 orcs
  A kobold (Depths:3)
  6 briar patches (Swamp:4)
  2 crawling corpses (Elf:3)
  5 fungi
  11 plants
1057 creatures vanquished.

Vanquished Creatures (others)
  2 bone dragons
  A profane servitor (Depths:3)
  An emperor scorpion (Spider:4)
  2 deep elf elementalists
  A vault warden (Vaults:5)
  14 ghouls
  A spectral tengu (Zot:1)
  A spectral orc (Vaults:5)
  10 vampire knights
  A spark wasp (Spider:4)
  A quicksilver dragon zombie (Vaults:5)
  4 storm dragon zombies
  4 skeletal warriors
  4 flayed ghosts
  2 tengu zombies
  4 ugly thing zombies
  2 stone giant zombies
  A fire giant zombie (D:15)
  An orc sorcerer (Orc:2)
  6 phantasmal warriors
  A frost giant zombie (Vaults:5)
  2 black draconian zombies
  8 redback zombies
  A yellow draconian zombie (Zot:4)
  A white draconian zombie (Depths:5)
  2 swamp worm zombies (Lair:4)
  A purple draconian zombie (Zot:4)
  3 hydra zombies (Swamp:4)
  2 moth of wrath zombies (Zot:4)
  A ghoul skeleton (Vaults:5)
  2 jumping spider zombies (Spider:4)
  2 tarantella zombies
  A hornet (Swamp:2)
  A meliai zombie (D:15)
  An ettin zombie (Vaults:5)
  An alligator zombie (Swamp:4)
  12 flying skulls
  11 vampires
  A redback (Vaults:4)
  3 black mamba zombies
  A wraith (D:14)
  2 tyrant leech zombies (Swamp:4)
  3 two-headed ogre zombies
  3 deep troll zombies
  26 human zombies
  6 elf zombies
  10 spiny frog zombies
  A swamp drake (Swamp:4)
  3 blink frog zombies (Lair:6)
  2 hornet zombies (Swamp:2)
  An elephant zombie (Lair:6)
  10 vampire mosquito zombies
  2 boggarts
  2 komodo dragon zombies (Lair:6)
  4 yaktaur zombies
  A wyvern zombie (D:11)
  2 cyclops zombies (Vaults:1)
  4 water moccasin zombies
  A warg zombie (Orc:2)
  A troll zombie (Orc:2)
  5 yak zombies
  A wight (Lair:6)
  7 centaur zombies
  4 bullfrog zombies
  A soldier ant zombie (D:14)
  2 basilisk zombies
  2 human skeletons
  2 bog body skeletons
  A porcupine zombie (Lair:2)
  6 killer bee zombies
  2 crocodile zombies
  4 ogre zombies
  A sky beast zombie (D:14)
  A mummy (Lair:6)
  6 howler monkey zombies
  A worker ant zombie (D:11)
  A scorpion zombie (D:8)
  2 swamp drake zombies
  3 worm zombies (D:9)
  An adder zombie (D:12)
  An electric eel zombie (D:13)
  An iguana zombie (D:10)
  4 kobold zombies
  2 orc skeletons
  66 orc zombies
  7 fungi
  35 plants
374 creatures vanquished.

Grand Total: 2378 creatures vanquished

Notes
Turn   | Place    | Note
-------+----------+-------------------------------------------
     0 | D:1      | nht the Gnoll Hunter began the quest for the Orb.
     0 | D:1      | Reached XP level 1. HP: 20/20 MP: 1/1
    37 | D:1      | Reached XP level 2. HP: 7/26 MP: 1/3
   183 | D:1      | Reached skill level 1 in Air Magic
   210 | D:1      | Reached skill level 1 in Staves
   219 | D:1      | Reached skill level 1 in Invocations
   445 | D:1      | Reached XP level 3. HP: 31/31 MP: 4/4
   446 | D:1      | Reached skill level 1 in Throwing
   768 | D:2      | Found a hide-covered altar of Uskayaw.
   791 | D:2      | Reached skill level 1 in Maces & Flails
   791 | D:2      | Reached skill level 1 in Transmutations
   947 | D:2      | Reached skill level 5 in Fighting
   947 | D:2      | Reached skill level 1 in Conjurations
   988 | D:2      | Reached skill level 1 in Axes
   988 | D:2      | Reached skill level 1 in Hexes
   988 | D:2      | Reached skill level 1 in Summonings
   988 | D:2      | Reached XP level 4. HP: 15/39 MP: 5/5
  1017 | D:2      | Noticed Jessica
  1018 | D:2      | Killed Jessica
  1018 | D:2      | Reached skill level 1 in Long Blades
  1018 | D:2      | Reached skill level 1 in Bows
  1018 | D:2      | Reached skill level 1 in Charms
  1018 | D:2      | Reached skill level 1 in Fire Magic
  1018 | D:2      | Reached skill level 1 in Poison Magic
  1073 | D:2      | Reached skill level 1 in Short Blades
  1073 | D:2      | Reached skill level 1 in Polearms
  1073 | D:2      | Reached XP level 5. HP: 29/44 MP: 6/6
  1113 | D:2      | Reached skill level 1 in Spellcasting
  1124 | D:2      | Found an ornate altar of the Wu Jian Council.
  1213 | D:2      | Noticed Sigmund
  1224 | D:2      | Killed Sigmund
  1224 | D:2      | Reached skill level 1 in Shields
  1224 | D:2      | Reached skill level 1 in Unarmed Combat
  1224 | D:2      | Reached skill level 1 in Necromancy
  1224 | D:2      | Reached skill level 1 in Translocations
  1224 | D:2      | Reached skill level 1 in Earth Magic
  1224 | D:2      | Reached XP level 6. HP: 50/51 MP: 6/8
  1296 | D:2      | Reached skill level 5 in Dodging
  1513 | D:3      | Found a white marble altar of Elyvilon.
  1662 | D:3      | Reached skill level 1 in Ice Magic
  1669 | D:3      | Reached skill level 1 in Crossbows
  1732 | D:3      | Noticed Ijyb
  1740 | D:3      | Killed Ijyb
  1974 | D:3      | Reached XP level 7. HP: 56/56 MP: 10/10
  2031 | D:3      | Noticed Natasha
  2038 | D:3      | Killed Natasha
  2038 | D:3      | Reached skill level 1 in Armour
  2074 | D:3      | Noticed Robin
  2108 | D:3      | Killed Robin
  2416 | D:4      | Noticed a hippogriff
  2424 | D:4      | Killed a hippogriff
  2553 | D:4      | Reached XP level 8. HP: 64/64 MP: 12/12
  2932 | D:4      | Found a blossoming altar of Fedhas.
  2992 | D:5      | Entered Level 5 of the Dungeon
  3805 | D:6      | Learned a level 1 spell: Summon Small Mammal
  3953 | D:6      | Reached skill level 9 in Slings
  4060 | D:6      | Found a basalt altar of Yredelemnul.
  4199 | D:6      | Became a worshipper of Yredelemnul the Dark
  4308 | D:6      | Found a staircase to the Ecumenical Temple.
  4700 | D:7      | Reached XP level 9. HP: 67/71 MP: 13/13
  4731 | D:7      | Noticed Ijustatesigmund's ghost (novice OpFi)
  4747 | D:7      | Killed Ijustatesigmund's ghost
  4747 | D:7      | Reached skill level 5 in Transmutations
  5224 | D:7      | Found a shimmering altar of Xom.
  5257 | D:7      | Reached * piety under Yredelemnul
  5257 | D:7      | Reached skill level 5 in Air Magic
  5470 | D:7      | Found a shattered altar of Ashenzari.
  5644 | D:7      | Found an ancient bone altar of Kikubaaqudgha.
  5644 | D:7      | Found a glowing silver altar of Zin.
  5700 | D:7      | Found a sparkling altar of Nemelex Xobeh.
  5737 | D:8      | Noticed a two-headed ogre
  5750 | D:8      | Killed a two-headed ogre
  5750 | D:8      | Reached skill level 5 in Short Blades
  5750 | D:8      | Reached skill level 5 in Maces & Flails
  5750 | D:8      | Reached skill level 5 in Staves
  5750 | D:8      | Reached skill level 5 in Shields
  5750 | D:8      | Reached skill level 5 in Conjurations
  5750 | D:8      | Reached skill level 5 in Summonings
  5750 | D:8      | Reached skill level 5 in Fire Magic
  5750 | D:8      | Reached skill level 5 in Earth Magic
  5750 | D:8      | Reached XP level 10. HP: 79/79 MP: 16/16
  5787 | D:8      | Reached skill level 5 in Invocations
  5797 | D:8      | Noticed Prince Ribbit
  5814 | D:8      | Killed Prince Ribbit
  5814 | D:8      | Reached skill level 5 in Throwing
  5856 | D:8      | Reached skill level 5 in Hexes
  6520 | D:9      | Reached skill level 5 in Charms
  6651 | D:9      | Reached skill level 5 in Necromancy
  6659 | D:9      | Reached skill level 5 in Ice Magic
  6725 | D:9      | Reached skill level 5 in Armour
  6807 | D:9      | Reached ** piety under Yredelemnul
  6917 | D:9      | Reached skill level 5 in Spellcasting
  7112 | D:9      | Reached skill level 5 in Translocations
  7339 | D:9      | Reached skill level 5 in Polearms
  7358 | D:9      | Reached skill level 5 in Poison Magic
  7502 | D:9      | Found Ehu Rija's General Store.
  7505 | D:9      | Bought a scroll of identify for 26 gold pieces
  7505 | D:9      | Bought a potion of agility for 52 gold pieces
  7505 | D:9      | Bought a wand of lightning (6/15) for 130 gold pieces
  7505 | D:9      | Bought a +0 pair of gloves for 58 gold pieces
  7620 | D:10     | Entered Level 10 of the Dungeon
  7693 | D:10     | Noticed Nergalle
  7705 | D:10     | Killed Nergalle
  7705 | D:10     | Reached *** piety under Yredelemnul
  7705 | D:10     | Reached skill level 5 in Long Blades
  7705 | D:10     | Reached skill level 5 in Axes
  7705 | D:10     | Reached skill level 5 in Stealth
  7718 | D:10     | Found Pyijaf's Magic Scroll Shoppe.
  7726 | D:10     | Noticed Josephine
  7727 | D:10     | Reached skill level 5 in Bows
  7727 | D:10     | Reached XP level 11. HP: 79/86 MP: 19/19
  7731 | D:10     | Reached skill level 10 in Slings
  7740 | D:10     | Killed Josephine
  7740 | D:10     | Reached skill level 5 in Crossbows
  7771 | D:10     | Reached skill level 5 in Unarmed Combat
  7798 | D:10     | Bought a scroll of teleportation for 39 gold pieces
  7798 | D:10     | Bought a scroll of fog for 26 gold pieces
  7798 | D:10     | Bought a scroll of identify for 26 gold pieces
  7798 | D:10     | Bought a scroll of recharging for 123 gold pieces
  7804 | D:10     | Learned a level 4 spell: Summon Lightning Spire
  7809 | D:10     | Learned a level 4 spell: Summon Ice Beast
  7818 | D:10     | Found Qotiwk's Assorted Antiques.
  8025 | D:10     | Found Wyosomn's Food Shop.
  8070 | D:10     | Noticed a two-headed ogre
  8078 | D:10     | Killed a two-headed ogre
  8078 | D:10     | Reached skill level 5 in Evocations
  8086 | D:10     | Noticed a green ugly thing
  8094 | D:10     | Your ally Josephine died
  8108 | D:10     | Killed a green ugly thing
  8198 | D:10     | Found Mebi's Antique Armour Emporium.
  8226 | D:10     | Received a gift from Yredelemnul (3 flying skulls)
  8706 | D:11     | Received a gift from Yredelemnul (3 flying skulls)
  8720 | D:11     | Noticed a five-headed hydra
  8742 | D:11     | Killed a five-headed hydra
  8763 | D:11     | Found a staircase to the Lair.
  9622 | Lair:1   | Entered Level 1 of the Lair of Beasts
  9692 | Lair:1   | Reached XP level 12. HP: 93/93 MP: 14/22
  9715 | Lair:1   | Reached **** piety under Yredelemnul
  9756 | Lair:1   | Found a dark tunnel.
  9784 | Volcano  | Entered a volcano
 11813 | Lair:3   | Noticed a five-headed hydra
 11968 | Lair:3   | Killed a five-headed hydra
 12031 | Lair:3   | Noticed Urug
 12051 | Lair:3   | Killed Urug
 12145 | Lair:3   | Received a gift from Yredelemnul (2 flying skulls)
 12219 | Lair:3   | Found a hole to the Spider Nest.
 12641 | Lair:4   | Noticed Megalobster's ghost (journeyman DECj)
 12660 | Lair:4   | Killed Megalobster's ghost
 12787 | Lair:4   | Found a frozen archway.
 12900 | IceCv    | Entered an ice cave
 13059 | Lair:4   | Learned a level 4 spell: Airstrike
 13117 | Lair:4   | Noticed a six-headed hydra
 13126 | Lair:4   | Killed a six-headed hydra
 13308 | Lair:4   | Found a staircase to the Swamp.
 13400 | Lair:4   | Noticed Kirke
 13418 | Lair:4   | Reached XP level 13. HP: 101/101 MP: 2/23
 13421 | Lair:4   | Killed Kirke
 13741 | Lair:5   | Reached skill level 11 in Slings
 13871 | Lair:5   | Found a staircase to the Slime Pits.
 13871 | Lair:5   | Found a viscous altar of Jiyva.
 14466 | Lair:6   | Entered Level 6 of the Lair of Beasts
 14525 | Lair:6   | Reached ***** piety under Yredelemnul
 14598 | Lair:6   | Received a gift from Yredelemnul (a mummy)
 14888 | Lair:6   | Received a gift from Yredelemnul (a wight)
 15634 | Lair:6   | Got a scorched mace
 15635 | Lair:6   | Identified the +7 mace "Widowmaker" {crush, MR+} (You found it on level 6 of the Lair of Beasts)
 16274 | D:12     | Found a staircase to the Orcish Mines.
 16604 | D:12     | Received a gift from Yredelemnul (a vampire)
 17143 | D:10     | Bought a shimmering robe for 148 gold pieces
 17143 | D:10     | Bought a shimmering leather armour for 182 gold pieces
 17143 | D:10     | Bought a pitted chain mail for 247 gold pieces
 17153 | D:10     | Identified the +0 robe "Weirph" {Str+6} (You bought it in a shop on level 10 of the Dungeon)
 17165 | D:10     | Identified the +2 chain mail of Intercession {rC- rCorr Int+2} (You bought it in a shop on level 10 of the Dungeon)
 17177 | D:10     | Identified the +1 leather armour "Tuthuz" {rPois MR+} (You bought it in a shop on level 10 of the Dungeon)
 17275 | Orc:1    | Entered Level 1 of the Orcish Mines
 17335 | Orc:1    | Reached XP level 14. HP: 50/109 MP: 4/26
 17508 | Orc:2    | Entered Level 2 of the Orcish Mines
 17689 | Orc:2    | Received a gift from Yredelemnul (a vampire)
 17811 | Orc:2    | Found Taso's Food Shoppe.
 17811 | Orc:2    | Found Ilack's Armour Boutique.
 17853 | Orc:2    | Gained mutation: Potions are less effective at restoring your health. [a neqoxec]
 17855 | Orc:2    | Received a gift from Yredelemnul (a vampire)
 18025 | Orc:2    | Reached skill level 10 in Dodging
 18028 | Orc:2    | Found a roughly hewn altar of Beogh.
 18041 | Orc:2    | Found Piurhot's Antique Weapon Boutique.
 18041 | Orc:2    | Found Unkoere's Assorted Antiques.
 18045 | Orc:2    | Received a gift from Yredelemnul (a phantasmal warrior)
 18062 | Orc:2    | Received a gift from Yredelemnul (a phantasmal warrior)
 18100 | Orc:2    | Bought an encrusted glass ring for 155 gold pieces
 18168 | Orc:2    | Found a staircase to the Elven Halls.
 18173 | Orc:2    | Reached ****** piety under Yredelemnul
 18272 | Orc:2    | Noticed an orc warlord
 18297 | Orc:2    | Killed an orc warlord
 18364 | Orc:2    | Noticed an orc warlord
 18402 | Orc:2    | Killed an orc warlord
 18992 | Orc:1    | Reached skill level 10 in Fighting
 19049 | Orc:1    | Found Puobok's General Store.
 19063 | Orc:1    | Bought a scroll of teleportation for 33 gold pieces
 19063 | Orc:1    | Bought a scroll of identify for 22 gold pieces
 19325 | D:13     | Reached skill level 12 in Slings
 19719 | D:13     | Found a portal to a secret trove of treasure.
 19905 | Orc:2    | Bought a +2 cloak of invisibility for 344 gold pieces
 20025 | D:14     | Received a gift from Yredelemnul (a wraith)
 20032 | D:14     | Reached skill level 10 in Conjurations
 20032 | D:14     | Reached skill level 10 in Necromancy
 20225 | D:14     | Received a gift from Yredelemnul (4 flying skulls)
 20782 | D:14     | Reached skill level 10 in Maces & Flails
 20792 | D:14     | Received a gift from Yredelemnul (a vampire knight)
 20838 | D:14     | Received a gift from Yredelemnul (a vampire)
 20846 | D:14     | Reached XP level 15. HP: 35/115 MP: 16/28
 20871 | D:14     | Found a gate to the Vaults.
 21170 | D:15     | Entered Level 15 of the Dungeon
 21323 | D:15     | Received a gift from Yredelemnul (a vampire knight)
 21327 | D:15     | Reached skill level 10 in Throwing
 21341 | D:15     | Reached skill level 10 in Summonings
 21433 | D:15     | Noticed a fire giant
 21440 | D:15     | Killed a fire giant
 21449 | D:15     | Found a staircase to the Depths.
 21570 | D:15     | Received a gift from Yredelemnul (a vampire)
 22095 | Swamp:1  | Entered Level 1 of the Swamp
 22359 | Swamp:1  | Reached skill level 10 in Armour
 22360 | Swamp:1  | Received a gift from Yredelemnul (a skeletal warrior)
 22469 | Swamp:1  | Reached skill level 10 in Polearms
 22632 | Swamp:1  | Received a gift from Yredelemnul (a ghoul)
 22892 | Swamp:2  | Noticed Roxanne
 22907 | Swamp:2  | Killed Roxanne
 22908 | Swamp:2  | Received a gift from Yredelemnul (a ghoul)
 22931 | Swamp:2  | Learned a level 6 spell: Iron Shot
 22937 | Swamp:2  | Learned a level 5 spell: Bolt of Magma
 23140 | Swamp:2  | Received a gift from Yredelemnul (a vampire)
 23368 | Swamp:2  | Lost mutation: Potions are less effective at restoring your health. [potion of mutation]
 23368 | Swamp:2  | Gained mutation: You are agile. (Dex +2) [potion of mutation]
 23368 | Swamp:2  | Gained mutation: You have a pair of small horns on your head. [potion of mutation]
 23368 | Swamp:2  | Gained mutation: You are robust. (+10% HP) [potion of mutation]
 23368 | Swamp:2  | Gained mutation: Your muscles are strong. (Str +2) [potion of mutation]
 23398 | Swamp:3  | Reached skill level 10 in Transmutations
 23472 | Swamp:3  | Noticed Mara
 23482 | Swamp:3  | Noticed nht's illusion
 23493 | Swamp:3  | Killed Mara
 23493 | Swamp:3  | Reached skill level 10 in Short Blades
 23493 | Swamp:3  | Reached skill level 10 in Bows
 23684 | Swamp:3  | Noticed a thorn hunter
 23703 | Swamp:3  | Killed a thorn hunter
 23705 | Swamp:3  | Noticed a thorn hunter
 23718 | Swamp:3  | Killed a thorn hunter
 23718 | Swamp:3  | Reached skill level 10 in Axes
 24072 | Swamp:3  | Noticed Aizul
 24090 | Swamp:3  | Killed Aizul
 24161 | Swamp:4  | Entered Level 4 of the Swamp
 24172 | Swamp:4  | Reached skill level 10 in Air Magic
 24240 | Swamp:4  | Reached skill level 10 in Long Blades
 24240 | Swamp:4  | Reached skill level 10 in Hexes
 24250 | Swamp:4  | Noticed a thorn hunter
 24267 | Swamp:4  | Killed a thorn hunter
 24401 | Swamp:4  | Reached skill level 10 in Earth Magic
 24407 | Swamp:4  | Reached skill level 10 in Shields
 24415 | Swamp:4  | Reached skill level 10 in Ice Magic
 24428 | Swamp:4  | Reached skill level 10 in Evocations
 24434 | Swamp:4  | Reached XP level 16. HP: 98/137 MP: 6/29
 24475 | Swamp:4  | Received a gift from Yredelemnul (a vampire knight)
 24538 | Swamp:4  | Got a decaying rune of Zot
 24949 | Swamp:2  | Reached skill level 10 in Fire Magic
 25057 | Spider:1 | Entered Level 1 of the Spider Nest
 25069 | Spider:1 | Reached skill level 10 in Staves
 25092 | Spider:1 | Received a gift from Yredelemnul (a profane servitor)
 25157 | Spider:1 | Got a jewelled halberd
 25158 | Spider:1 | Identified the +8 halberd of Brawl {antimagic, +Fly rPois rN+ Int+3} (You found it on level 1 of the Spider Nest)
 25232 | Spider:1 | Received a gift from Yredelemnul (a vampire)
 25237 | Spider:1 | Reached skill level 10 in Unarmed Combat
 25253 | Spider:1 | Reached skill level 10 in Translocations
 25317 | Spider:1 | Reached skill level 10 in Stealth
 25357 | Spider:1 | Reached skill level 10 in Charms
 25361 | Spider:1 | Noticed Nikola
 25378 | Spider:1 | Killed Nikola
 25493 | Spider:1 | Reached skill level 10 in Spellcasting
 25542 | Spider:1 | Learned a level 7 spell: Summon Hydra
 25686 | Spider:1 | Found a roughly hewn altar of Beogh.
 25702 | Spider:1 | Received a gift from Yredelemnul (a flayed ghost)
 26005 | Spider:2 | Reached skill level 10 in Invocations
 26956 | Spider:3 | Received a gift from Yredelemnul (a phantasmal warrior)
 27084 | Spider:3 | Learned a level 2 spell: Swiftness
 27177 | Spider:3 | Received a gift from Yredelemnul (a ghoul)
 27458 | Spider:3 | Received a gift from Yredelemnul (a skeletal warrior)
 27545 | Spider:4 | Entered Level 4 of the Spider Nest
 27850 | Spider:4 | Reached skill level 10 in Poison Magic
 27875 | Spider:4 | Received a gift from Yredelemnul (a ghoul)
 27962 | Spider:4 | Reached skill level 13 in Slings
 27962 | Spider:4 | Reached XP level 17. HP: 114/146 MP: 31/31
 28152 | Spider:4 | Got a gossamer rune of Zot
 28635 | Elf:1    | Entered Level 1 of the Elven Halls
 28653 | Elf:1    | Found a radiant altar of Vehumet.
 28667 | Elf:1    | Received a gift from Yredelemnul (a vampire knight)
 28738 | Elf:1    | Reached skill level 10 in Crossbows
 28991 | Elf:1    | Learned a level 1 spell: Apportation
 29079 | Elf:1    | Identified Qyopnigh's Disquisition on Conjuration
 29087 | Elf:1    | Learned a level 3 spell: Mephitic Cloud
 29094 | Elf:1    | Learned a level 5 spell: Fireball
 29548 | Elf:2    | Received a gift from Yredelemnul (a vampire knight)
 29697 | Elf:2    | Found Ovuzuivy's Weapon Shop.
 29790 | Elf:2    | Found a deep blue altar of Sif Muna.
 30005 | Elf:2    | Found a runed gate.
 30005 | Elf:2    | Found a runed gate.
 30019 | Elf:2    | Found a runed gate.
 30124 | Elf:2    | Learned a level 6 spell: Death Channel
 30216 | Elf:2    | Noticed a deep elf blademaster
 30229 | Elf:2    | Killed a deep elf blademaster
 30236 | Elf:2    | Received a gift from Yredelemnul (a ghoul)
 30588 | Elf:3    | Entered Level 3 of the Elven Halls
 30855 | Elf:3    | oops
 30915 | Elf:3    | Noticed a deep elf blademaster
 30917 | Elf:3    | Noticed a Tzitzimitl
 30925 | Elf:3    | Killed a deep elf blademaster
 30925 | Elf:3    | Reached XP level 18. HP: 18/154 MP: 32/32
 31412 | Elf:3    | Noticed a deep elf blademaster
 31424 | Elf:3    | Noticed a deep elf master archer
 31434 | Elf:3    | Noticed a Hell Sentinel
 31435 | Elf:3    | Killed a deep elf blademaster
 31442 | Elf:3    | Killed a ghostly deep elf blademaster
 31443 | Elf:3    | Killed a deep elf master archer
 31601 | Elf:3    | Noticed a Hell Sentinel
 31626 | Elf:3    | Noticed a deep elf master archer
 31627 | Elf:3    | Received a gift from Yredelemnul (a bone dragon)
 31642 | Elf:3    | Killed a deep elf master archer
 31648 | Elf:3    | Identified the Grimoire of Icy Moulding
 31660 | Elf:3    | Found the +4 Vampire's Tooth {vamp}
 31675 | Elf:3    | Found the +7 sceptre of Torment
 31737 | Elf:3    | Got a warped longbow
 31738 | Elf:3    | Identified the +9 longbow of the Vine {freeze, MR+ MP+9 Str+4} (You found it on level 3 of the Elven Halls)
 31998 | Elf:3    | Got an encrusted broad axe
 31999 | Elf:3    | Identified the cursed +0 broad axe "Soku Zulufu" {freeze, rF+} (You found it on level 3 of the Elven Halls)
 32009 | Elf:3    | Learned a level 6 spell: Deflect Missiles
 32234 | Vaults:1 | Entered Level 1 of the Vaults
 32257 | Vaults:1 | Found Sypap's Weapon Emporium.
 32261 | Vaults:1 | Found Moxtur's General Store.
 32443 | Vaults:1 | Received a gift from Yredelemnul (a ghoul)
 32506 | Vaults:1 | Received a gift from Yredelemnul (a vampire knight)
 32670 | Vaults:1 | Found Quaziyf's Assorted Antiques.
 33007 | Vaults:1 | Received a gift from Yredelemnul (a ghoul)
 33324 | Vaults:1 | Received a gift from Yredelemnul (a phantasmal warrior)
 33344 | Vaults:1 | Found Sulese's Food Emporium.
 33552 | Vaults:2 | Received a gift from Yredelemnul (a ghoul)
 33694 | Vaults:2 | Reached XP level 19. HP: 155/162 MP: 21/34
 33714 | Vaults:2 | Found Faxiheq's Food Boutique.
 33743 | Vaults:2 | Found Reoluver's Food Boutique.
 33744 | Vaults:2 | Found Xiudd's Book Boutique.
 33755 | Vaults:2 | Reached skill level 14 in Slings
 33814 | Vaults:2 | Received a gift from Yredelemnul (a skeletal warrior)
 33877 | Vaults:2 | Received a gift from Yredelemnul (a ghoul)
 33905 | Vaults:2 | Noticed Bai Suzhen
 33921 | Vaults:2 | Killed Bai Suzhen
 33975 | Vaults:2 | Found a burning altar of Makhleb.
 34153 | Vaults:2 | Received a gift from Yredelemnul (a phantasmal warrior)
 34273 | Vaults:2 | Found Regikhli's Assorted Antiques.
 34472 | Vaults:2 | Received a gift from Yredelemnul (a vampire knight)
 34901 | Vaults:2 | Found Vixas's Magic Scroll Shoppe.
 34908 | Vaults:2 | Bought a scroll of magic mapping for 56 gold pieces
 35072 | Vaults:3 | Received a gift from Yredelemnul (a ghoul)
 35120 | Vaults:3 | Upgraded the game from 0.21-a0-297-ga3d34c2 to 0.21-a0-314-gb3271ec
 35202 | Vaults:3 | Received a gift from Yredelemnul (a bone dragon)
 35222 | Vaults:3 | Found Yffaxkoci's Food Emporium.
 35240 | Vaults:3 | Noticed Xtahua
 35247 | Vaults:3 | Killed Xtahua
 35271 | Vaults:3 | Found a staircase to the Crypt.
 35380 | Vaults:3 | Received a gift from Yredelemnul (a skeletal warrior)
 35532 | Vaults:3 | Noticed Boris
 35540 | Vaults:3 | Killed Boris
 35752 | Vaults:3 | Noticed Saint Roka
 35768 | Vaults:3 | Killed Saint Roka
 35768 | Vaults:3 | Enslaved Saint Roka
 36186 | Vaults:4 | Reached XP level 20. HP: 157/172 MP: 29/36
 36207 | Vaults:4 | Identified the +6 plate armour of Muddyk Xese {Int+2} (You found it on level 4 of the Vaults)
 36370 | Vaults:4 | Found a flickering gateway to a bazaar.
 36388 | Vaults:4 | Identified the +5 ring mail of Objectivity {rElec rF+ MR+ Str-5} (You found it on level 4 of the Vaults)
 36394 | Bazaar   | Entered a bazaar
 36394 | Bazaar   | Found Himme's Weapon Emporium.
 36394 | Bazaar   | Found Igudedig's Weapon Shoppe.
 36394 | Bazaar   | Found Mussi's Weapon Shoppe.
 36394 | Bazaar   | Found Kixaiwk's Distillery.
 36394 | Bazaar   | Found Kyatour's Armour Shoppe.
 36410 | Bazaar   | Bought a potion of curing for 48 gold pieces
 36410 | Bazaar   | Bought a potion of agility for 64 gold pieces
 36410 | Bazaar   | Bought a potion of curing for 48 gold pieces
 36410 | Bazaar   | Bought a potion of haste for 160 gold pieces
 36410 | Bazaar   | Bought a potion of haste for 160 gold pieces
 36410 | Bazaar   | Bought a potion of curing for 48 gold pieces
 36410 | Bazaar   | Bought 2 potions of haste for 320 gold pieces
 36410 | Bazaar   | Bought a potion of cancellation for 128 gold pieces
 36994 | Vaults:4 | Received a gift from Yredelemnul (a ghoul)
 37194 | Vaults:4 | Reached skill level 15 in Slings
 37414 | Vaults:5 | Entered Level 5 of the Vaults
 37449 | Vaults:5 | Noticed a golden dragon
 37451 | Vaults:5 | Received a gift from Yredelemnul (a flayed ghost)
 37467 | Vaults:5 | Received a gift from Yredelemnul (a vampire)
 37473 | Vaults:5 | Your ally Saint Roka died
 37487 | Vaults:5 | Killed a golden dragon
 37505 | Vaults:5 | Received a gift from Yredelemnul (a ghoul)
 37506 | Vaults:5 | Noticed Margery
 37532 | Vaults:5 | Killed Margery
 37549 | Vaults:5 | Got a silver rune of Zot
 37562 | Vaults:5 | Received a gift from Yredelemnul (a ghoul)
 37568 | Vaults:5 | Reached XP level 21. HP: 119/180 MP: 8/37
 37699 | Vaults:5 | Found the +11 plutonium sword {*Contam Stlth-}
 37705 | Vaults:5 | Received a gift from Yredelemnul (a vampire knight)
 37710 | Vaults:5 | Identified the Collected Works on Supportive Venom
 37717 | Vaults:5 | Identified the amulet of Xom's Hope {rElec rC- Regen+ SInv} (You found it on level 5 of the Vaults)
 37720 | Vaults:5 | Noticed Frederick
 37728 | Vaults:5 | Killed Frederick
 37740 | Vaults:5 | Identified the +4 chain mail of Pragmatism {+Inv MR++ rCorr Int-2} (You found it on level 5 of the Vaults)
 37805 | Vaults:5 | Received a gift from Yredelemnul (a vampire knight)
 37807 | Vaults:5 | Noticed Jorgrun
 37818 | Vaults:5 | Killed Jorgrun
 37962 | Vaults:5 | Received a gift from Yredelemnul (a ghoul)
 38070 | Vaults:5 | Learned a level 3 spell: Regeneration
 38304 | Vaults:5 | Found Palor's Distillery.
 38309 | Vaults:5 | Bought a potion of experience for 950 gold pieces
 38309 | Vaults:5 | Bought a potion of heal wounds for 95 gold pieces
 38309 | Vaults:5 | Bought a potion of curing for 57 gold pieces
 38309 | Vaults:5 | Bought a potion of agility for 76 gold pieces
 38309 | Vaults:5 | Bought a potion of cancellation for 152 gold pieces
 38309 | Vaults:5 | Reached XP level 22. HP: 189/189 MP: 27/39
 38348 | Vaults:5 | Found Narghus's Magic Scroll Boutique.
 38348 | Vaults:5 | Found Cuizag's Distillery.
 38366 | Vaults:5 | Received a gift from Yredelemnul (a profane servitor)
 38370 | Vaults:5 | Bought a scroll of enchant armour for 97 gold pieces
 38377 | Vaults:5 | Bought a potion of haste for 160 gold pieces
 38377 | Vaults:5 | Bought a potion of agility for 64 gold pieces
 38377 | Vaults:5 | Bought a potion of haste for 160 gold pieces
 38377 | Vaults:5 | Bought a potion of might for 64 gold pieces
 38377 | Vaults:5 | Bought a potion of resistance for 160 gold pieces
 38698 | Vaults:5 | Identified the +5 dire flail of Destiny {drain, Str-4 Dex+7} (You found it on level 5 of the Vaults)
 38924 | Depths:1 | Entered Level 1 of the Depths
 38995 | Depths:1 | Found a gateway to Hell.
 39013 | Depths:1 | Found Soazusch's Distillery.
 39073 | Depths:1 | Reached skill level 15 in Dodging
 39111 | Depths:1 | Paralysed by a floating eye for 3 turns
 39188 | Depths:1 | Received a gift from Yredelemnul (a vampire)
 39201 | Depths:1 | Found Kostrioma's Antique Armour Emporium.
 39753 | Depths:2 | Identified the +1 helmet of the Wasteland {*Corrode Slay+5} (You found it on level 2 of the Depths)
 39951 | Depths:2 | Received a gift from Yredelemnul (a flayed ghost)
 40028 | Depths:2 | Found a one-way gate leading to the halls of Pandemonium.
 40775 | Depths:3 | Noticed Sojobo
 40788 | Depths:3 | Killed Sojobo
 40788 | Depths:3 | Enslaved Sojobo
 40989 | Depths:3 | Received a gift from Yredelemnul (a flayed ghost)
 41023 | Depths:3 | Noticed Louise
 41033 | Depths:3 | Reached XP level 23. HP: 196/196 MP: 28/40
 41035 | Depths:3 | Killed Louise
 41045 | Depths:3 | Found a one-way gate to the infinite horrors of the Abyss.
 41188 | Depths:3 | Found a shimmering altar of Xom.
 41258 | Depths:3 | Reached skill level 16 in Slings
 41264 | Depths:3 | Received a gift from Yredelemnul (a phantasmal warrior)
 41338 | Depths:3 | Found a runed door.
 41611 | Depths:3 | Found a radiant altar of Vehumet.
 41611 | Depths:3 | Noticed an ancient lich
 41628 | Depths:3 | Killed an ancient lich
 41681 | Depths:3 | Identified the Collected Works on Conjuration
 41746 | Depths:5 | Entered Level 5 of the Depths
 41755 | Depths:5 | Noticed a caustic shrike
 41810 | Depths:5 | Noticed a golden dragon
 41829 | Depths:5 | Noticed a golden dragon
 41845 | Depths:5 | Noticed a caustic shrike
 41846 | Depths:5 | Killed a golden dragon
 41851 | Depths:5 | Killed a golden dragon
 41855 | Depths:5 | Killed a caustic shrike
 41858 | Depths:5 | Received a gift from Yredelemnul (a bone dragon)
 41869 | Depths:5 | Noticed a caustic shrike
 41870 | Depths:5 | Noticed a caustic shrike
 41879 | Depths:5 | Killed a caustic shrike
 41882 | Depths:5 | Killed a caustic shrike
 41890 | Depths:5 | Killed a caustic shrike
 41907 | Depths:5 | Noticed a caustic shrike
 41913 | Depths:5 | Killed a caustic shrike
 42115 | Depths:5 | Found a gate to the Realm of Zot.
 42121 | Zot:1    | Entered Level 1 of the Realm of Zot
 42145 | Zot:1    | Noticed an orb of fire
 42164 | Zot:1    | Killed an orb of fire
 42168 | Zot:1    | Your ally Sojobo died
 42481 | Zot:2    | Received a gift from Yredelemnul (a vampire)
 42481 | Zot:2    | Reached skill level 15 in Fighting
 42708 | Zot:5    | Entered Level 5 of the Realm of Zot
 42753 | Zot:5    | Received a gift from Yredelemnul (a vampire knight)
 42820 | Zot:5    | Reached skill level 15 in Conjurations
 42886 | Zot:4    | Received a gift from Yredelemnul (a vampire)
 42894 | Zot:4    | Noticed a golden dragon
 42903 | Zot:4    | Killed a golden dragon
 42950 | Zot:4    | Noticed a curse toe
 43046 | Zot:2    | Noticed a golden dragon
 43047 | Zot:2    | Noticed an orb of fire
 43048 | Zot:2    | Noticed a golden dragon
 43048 | Zot:2    | Killed from afar by an orb of fire

Vault maps used:
D:1:      dpeg_arrival_tiny_k
D:2:      overflow_temple_1_default, nicolae_overflow_crystal_walls,
          uniq_jessica, uniq_sigmund
D:3:      elyvilon_altar_5, grunt_ministairs_8, uniq_natasha, uniq_robin,
          uniq_ijyb
D:4:      fedhas_altar_2, first_bread, minmay_distorted
D:5:      nrook_pool_corridor
D:6:      lemuel_zombie_altar_yredelemnul, minmay_temple_entry_poolview,
          serial_bayou, serial_bayou_ford_a, serial_bayou_pond_c,
          serial_bayou_lake_a, serial_bayou_pond_d, serial_bayou_pond_a
D:7:      gammafunk_temple_overflow_claw, basic_altar, evilmike_ruin_ashenzari
D:8:      uniq_prince_ribbit1
D:9:      serial_shops, kennysheep_mini_moat, the_bakery, worms_lemuel
D:10:     serial_shops, shop, nicolae_shop_waterfront, shop, shop_fountains,
          uniq_nergalle, uniq_josephine
D:11:     erik_lair_orcish_takeover
D:12:     orc_0_dummy
D:13:     nicolae_trove_entry_columns
D:14:     grunt_vaults_entry_tiered, minivault_19
D:15:     grunt_enter_depths_giant_problem, hex_medium
Lair:1:   enter_volcano_4, grunt_megastairs_5, infiniplex_staircase_pool
Lair:2:   beast_lair_carwin_10
Lair:3:   spider_nest_entry_web_field, st_stairs_9, uniq_urug
Lair:4:   nicolae_swamp_entry_splash_gauntlet, portal_ice_cave_demonic_guard,
          uniq_kirke
Lair:5:   slime_altar_1
Lair:6:   minmay_lair_end_frog_pond
Swamp:1:  evilmike_swamp_ruin_house_3
Swamp:2:  nicolae_swamp_trees_clearing, uniq_roxanne
Swamp:3:  evilmike_swamp_ruin_house_5, uniq_mara, uniq_aizul
Swamp:4:  swamp_alternative, swamp_pool2
Spider:1: nicolae_spider_mines_2, spider_trap, uniq_nikola
Spider:3: spider_trap
Spider:4: grunt_spider_rune_island
Orc:1:    serial_shops, nicolae_shop_window_shopping
Orc:2:    st_orc_town, nicolae_orc_tapped_out
Elf:1:    eino_elf_arrival_altar, minmay_elf_annihilation,
          serial_sigils_hangedman_carve
Elf:2:    basic_altar, serial_shops, shop
Elf:3:    grunt_elf_hall_asides
Vaults:1: st_star, nicolae_vaults_asterisk, ontoclasm_vaults_shuriken,
          vaults_dpeg_diagonal, v_alt_pattern_3, vaults_room_corners,
          nicolae_vaults_ring_of_whatevers, serial_ice_m, serial_glass,
          serial_shops, nicolae_shop_behind_doors, nicolae_shop_behind_doors,
          shop, shop
Vaults:2: st_more_cells, nicolae_vaults_network_barrier, vaults_dpeg_doors,
          v_misc_10, vaults_room_fours, hangedman_vaults_trim,
          ontoclasm_vaults_gateway, ontoclasm_vaults_hangar, v_misc_14,
          nicolae_vaults_what_the_h, hangedman_vaults_pinch,
          grunt_vaults_hallway_short, basic_altar, serial_shops, shop_coins,
          shop, nicolae_shop_trees, shop, shop_statue, uniq_bai_suzhen
Vaults:3: vaults_dpeg_hooks, grunt_vaults_funnel, blue_anna_dwarven_crypt,
          ontoclasm_vaults_misaligned, st_hourglassy, v_misc_9,
          vaults_room_corners, vaults_dpeg_ring, serial_shops, shop,
          uniq_xtahua, uniq_saint_roka, uniq_boris
Vaults:4: ontoclasm_vaults_ligature, grunt_vaults_swirl, v_misc_14,
          nicolae_vaults_theta, hangedman_vaults_trim, v_rooms_6,
          nicolae_vaults_specimen_jars, vaults_room_large_hall, v_misc_28,
          ontoclasm_vaults_bender, hangedman_vaults_stitches,
          vaults_room_semicircle, ontoclasm_vaults_ring_small,
          grunt_vaults_hallway_short, serial_shops, bzr_in_the_mist
Vaults:5: uniq_jorgrun, uniq_margery, uniq_frederick
Depths:1: minmay_misc_feat_more_columns, grunt_mini_vestibule, serial_shops,
          shop, onia_ninara_cookie, minmay_shop_star, grunt_megastairs_4
Depths:2: lemuel_troll_bridge, serial_corexii_hall, corexii_hall_statues_x,
          corexii_hall_statues_l, grunt_pan_entry_zigzag,
          grunt_hell_entry_dis_old, st_stairs_14, basic_stair_grate_trap
Depths:3: due_chaos_kobolds, rand_demon_pan_entry_3,
          nicolae_abyss_entry_one_way_or_another, hell_entry,
          grunt_absolute_annihilation, uniq_sojobo
Depths:4: kennysheep_demon_jail, enter_ziggurat_c, grunt_pan_entry_spiral,
          abyss_entry, serial_bayou, serial_bayou_lagoon_b, serial_bayou_pond_d,
          serial_bayou_pond_c, serial_bayou_pond_e, serial_bayou_crossing,
          serial_bayou_pond_c, hell_entry, nicolae_lava_and_water,
          serial_sigils_hangedman_shear, guppyfry_shop_blood, firewood_loft,
          uniq_mennas, uniq_enchantress
Depths:5: evilmike_zot_entry_diamond, abyss_entry, dk_noncrumbling_4,
          hangedman_coc_ice_floe, eino_tiny_chamber
Zot:1:    nicolae_zot_stationary_front, grunt_ministairs_13
Zot:2:    grunt_megastairs_3
Zot:3:    grunt_ministairs_12
Zot:4:    zot_minivault_4
Bazaar:   bazaar_minmay_row
IceCv:    ice_cave_tombish
Volcano:  volcano_lake

Skill      XL: |  1  2  3  4  5  6  7  8  9 10 11 12 13 14 15 16 17 18 19 20 21 22 23 |
---------------+----------------------------------------------------------------------+-----
Air Magic      | 1 2 3 4 5 6 8 9 10 11 12 13 14 | 14.6
Staves         | 1 2 3 4 5 6 7 8 9 10 11 12 13 14 | 14.3
Invocations    | 1 2 3 4 5 6 7 8 9 10 11 12 13 14 | 14.3
Throwing       | 2 3 4 6 7 8 9 10 11 12 13 14 | 14.3
Maces & Flails | 1 2 3 5 6 8 9 10 11 12 13 14 | 14.7
Transmutations | 1 2 3 4 5 6 7 8 9 10 11 12 13 14 | 14.7
Fighting       | 5 6 7 8 9 10 11 12 13 14 15 | 15.3
Conjurations   | 1 2 3 5 6 7 8 9 10 11 12 13 14 15 | 15.1
Axes           | 1 2 3 4 5 6 7 8 9 10 11 12 13 14 | 14.3
Hexes          | 1 2 3 4 5 6 7 8 9 10 11 12 13 14 | 14.7
Summonings     | 1 2 3 5 6 7 8 9 10 11 12 13 14 | 14.7
Long Blades    | 1 2 4 5 6 7 8 9 10 11 12 13 14 | 14.0
Bows           | 1 2 3 4 5 6 7 8 9 10 11 12 13 | 13.7
Charms         | 1 2 3 4 5 6 7 8 9 10 11 12 13 14 | 14.5
Fire Magic     | 1 2 3 5 6 8 9 10 11 12 13 14 | 14.8
Poison Magic   | 1 2 3 4 5 6 7 8 9 10 11 12 13 | 13.7
Short Blades   | 1 2 4 5 6 7 8 9 10 11 12 13 14 | 14.3
Polearms       | 1 2 3 4 5 7 8 9 10 11 12 13 14 | 14.1
Spellcasting   | 1 2 3 4 5 6 7 8 9 10 11 12 13 14 | 14.0
Shields        | 1 2 3 5 7 8 9 10 11 12 13 14 | 14.6
Unarmed Combat | 1 2 3 4 5 6 8 9 10 11 12 13 14 | 14.3
Necromancy     | 1 2 3 4 5 6 7 9 10 11 12 13 14 | 14.8
Translocations | 1 2 3 4 5 6 7 8 9 10 11 12 13 14 | 14.5
Earth Magic    | 1 3 5 6 7 8 9 10 11 12 13 14 | 14.1
Evocations     | 2 3 4 5 6 8 9 10 11 12 13 14 | 14.1
Dodging        | 5 6 7 8 9 10 11 12 13 14 15 | 15.6
Ice Magic      | 1 2 3 4 5 6 7 8 9 10 11 12 13 14 | 14.1
Crossbows      | 1 2 3 4 5 6 7 8 9 10 11 12 13 | 13.5
Armour         | 2 3 4 5 6 7 8 9 10 11 12 13 14 | 14.8
Stealth        | 3 4 5 6 8 9 10 11 12 13 14 | 14.5
Slings         | 9 10 11 12 13 14 15 16 | 16.2

Action                   |  1- 3 |  4- 6 |  7- 9 | 10-12 | 13-15 | 16-18 | 19-21 | 22-24 || total
-------------------------+-------+-------+-------+-------+-------+-------+-------+-------++-------
Melee: Flail             |       |       |     5 |     4 |       |       |       |       ||     9
       Bite              |       |       |     1 |       |    95 |   113 |   114 |   104 ||   427
       Mace              |       |       |       |       |   725 |       |       |       ||   725
       Demon whip        |       |       |       |       |    49 |   838 |   666 |   590 ||  2143
       Headbutt          |       |       |       |       |    13 |   196 |   185 |   183 ||   577
       Unarmed           |       |       |       |       |       |       |       |    99 ||    99
 Fire: Hunting sling     |    71 |   120 |   409 |   956 |   208 |       |       |       ||  1764
 Cast: Summon Ice Beast  |       |       |       |    59 |   209 |     7 |       |       ||   275
       Summon Lightning  |       |       |       |     5 |     3 |       |       |       ||     8
       Summon Small Mamm |       |       |       |       |     1 |       |       |       ||     1
       Airstrike         |       |       |       |       |    15 |       |       |       ||    15
       Death Channel     |       |       |       |       |       |    12 |    33 |    29 ||    74
       Deflect Missiles  |       |       |       |       |       |     3 |     8 |     6 ||    17
       Summon Hydra      |       |       |       |       |       |       |       |     4 ||     4
Invok: Animate Remains   |       |       |     2 |    18 |       |       |       |       ||    20
       Animate Dead      |       |       |       |    38 |   107 |   103 |    55 |    51 ||   354
       Recall Undead Sla |       |       |       |       |    21 |    32 |    23 |    10 ||    86
       Drain Life        |       |       |       |       |     2 |     2 |     3 |     3 ||    10
       Enslave Soul      |       |       |       |       |       |       |     2 |     1 ||     3
       Stop Recall       |       |       |       |       |       |       |     1 |       ||     1
Evoke: Wand              |       |       |     4 |    31 |    99 |    15 |     3 |     6 ||   158
       Lightning rod     |       |       |       |       |       |       |       |     4 ||     4
       Fan of gales      |       |       |       |       |       |       |       |     1 ||     1
       Sack of spiders   |       |       |       |       |       |       |       |     1 ||     1
  Use: Scroll            |       |       |    20 |    14 |    12 |    17 |     8 |    14 ||    85
       Potion            |       |       |     2 |       |     5 |     2 |     3 |     2 ||    14
 Stab: Sleeping          |       |       |       |       |    12 |    29 |    14 |     6 ||    61
       Paralysed         |       |       |       |       |    10 |     7 |     1 |       ||    18
       Distracted        |       |       |       |       |     7 |    19 |    15 |    29 ||    70
  Eat: Chunk             |       |     3 |    26 |    26 |    22 |    20 |    22 |    12 ||   131
       Fruit             |       |       |       |    12 |     9 |    10 |     6 |       ||    37
       Meat ration       |       |       |       |     1 |     8 |     3 |     4 |     2 ||    18
       Bread ration      |       |       |       |       |     3 |     5 |       |     5 ||    13
Armor: Leather armour    |     1 |     3 |       |       |       |       |       |       ||     4
       Ring mail         |       |     1 |    39 |     4 |       |       |       |       ||    44
       Acid dragon scale |       |       |       |    54 |   216 |     3 |       |       ||   273
       Swamp dragon scal |       |       |       |       |       |   182 |    11 |       ||   193
       Storm dragon scal |       |       |       |       |       |       |   120 |   265 ||   385
Dodge: Dodged            |     2 |     9 |    69 |   169 |   493 |   491 |   196 |   270 ||  1699
       Deflected         |       |       |       |       |       |     4 |    30 |    47 ||    81
Block: Buckler           |       |       |       |       |   216 |   186 |    50 |       ||   452
       Shield            |       |       |       |       |       |       |   147 |   358 ||   505

Table legend:
 A = Spawn XP
 B = Non-spawn XP
 C = Spawn XP percentage of total XP
 D = Spawn monster count
 E = Non-spawn monster count
 F = Spawn count percentage of total count
 G = Total turns spent on level
                    A         B        C        D         E        F      G
               +---------+---------+-------+---------+---------+-------+---------
         Total |       0 |  719434 |   0.0 |       0 |    1984 |   0.0 | 43048
               +---------+---------+-------+---------+---------+-------+---------
           D:1 |       0 |      39 |   0.0 |       0 |      21 |   0.0 |   741
           D:2 |       0 |     409 |   0.0 |       0 |      24 |   0.0 |   740
           D:3 |       0 |     266 |   0.0 |       0 |      53 |   0.0 |   873
           D:4 |       0 |     691 |   0.0 |       0 |      16 |   0.0 |   638
           D:5 |       0 |     410 |   0.0 |       0 |       7 |   0.0 |   746
           D:6 |       0 |     526 |   0.0 |       0 |      25 |   0.0 |   929
           D:7 |       0 |    1668 |   0.0 |       0 |      20 |   0.0 |  1054
           D:8 |       0 |    1862 |   0.0 |       0 |      18 |   0.0 |   673
           D:9 |       0 |    2086 |   0.0 |       0 |      46 |   0.0 |  1226
          D:10 |       0 |    7229 |   0.0 |       0 |      44 |   0.0 |  1116
          D:11 |       0 |    2806 |   0.0 |       0 |      26 |   0.0 |  1135
          D:12 |       0 |    5263 |   0.0 |       0 |      39 |   0.0 |  1232
          D:13 |       0 |    2701 |   0.0 |       0 |      37 |   0.0 |   621
          D:14 |       0 |   17566 |   0.0 |       0 |      69 |   0.0 |  1387
          D:15 |       0 |    9192 |   0.0 |       0 |      43 |   0.0 |   702
        Lair:1 |       0 |    2651 |   0.0 |       0 |      14 |   0.0 |  1169
        Lair:2 |       0 |    4423 |   0.0 |       0 |      22 |   0.0 |  1178
        Lair:3 |       0 |    3067 |   0.0 |       0 |      11 |   0.0 |   816
        Lair:4 |       0 |    5183 |   0.0 |       0 |      24 |   0.0 |  1208
        Lair:5 |       0 |    2897 |   0.0 |       0 |      16 |   0.0 |   815
        Lair:6 |       0 |   12401 |   0.0 |       0 |      70 |   0.0 |  1378
       Swamp:1 |       0 |    6599 |   0.0 |       0 |      29 |   0.0 |   786
       Swamp:2 |       0 |    4964 |   0.0 |       0 |      28 |   0.0 |   556
       Swamp:3 |       0 |    9802 |   0.0 |       0 |      15 |   0.0 |   791
       Swamp:4 |       0 |   16347 |   0.0 |       0 |      50 |   0.0 |   769
      Spider:1 |       0 |   15522 |   0.0 |       0 |      44 |   0.0 |   761
      Spider:2 |       0 |    8213 |   0.0 |       0 |      22 |   0.0 |  1192
      Spider:3 |       0 |   12397 |   0.0 |       0 |      41 |   0.0 |   624
      Spider:4 |       0 |   21385 |   0.0 |       0 |      69 |   0.0 |   826
         Orc:1 |       0 |    3285 |   0.0 |       0 |      39 |   0.0 |   619
         Orc:2 |       0 |   11418 |   0.0 |       0 |     118 |   0.0 |  1540
         Elf:1 |       0 |   14095 |   0.0 |       0 |      32 |   0.0 |   950
         Elf:2 |       0 |   26450 |   0.0 |       0 |      50 |   0.0 |  1217
         Elf:3 |       0 |   31908 |   0.0 |       0 |      41 |   0.0 |  1274
      Vaults:1 |       0 |   40713 |   0.0 |       0 |     109 |   0.0 |  1344
      Vaults:2 |       0 |   60664 |   0.0 |       0 |     120 |   0.0 |  1388
      Vaults:3 |       0 |   31336 |   0.0 |       0 |      58 |   0.0 |  1262
      Vaults:4 |       0 |   40724 |   0.0 |       0 |      72 |   0.0 |  1282
      Vaults:5 |       0 |   99811 |   0.0 |       0 |     136 |   0.0 |  1308
      Depths:1 |       0 |   25801 |   0.0 |       0 |      58 |   0.0 |   686
      Depths:2 |       0 |   23619 |   0.0 |       0 |      53 |   0.0 |  1141
      Depths:3 |       0 |   34251 |   0.0 |       0 |      69 |   0.0 |   983
      Depths:5 |       0 |   38902 |   0.0 |       0 |      41 |   0.0 |   375
         Zot:1 |       0 |   12915 |   0.0 |       0 |       9 |   0.0 |   328
         Zot:2 |       0 |    8825 |   0.0 |       0 |       7 |   0.0 |   112
         Zot:3 |       0 |    4003 |   0.0 |       0 |       3 |   0.0 |   125
         Zot:4 |       0 |   18778 |   0.0 |       0 |      18 |   0.0 |   225
         Zot:5 |       0 |   13371 |   0.0 |       0 |       8 |   0.0 |   137
               +---------+---------+-------+---------+---------+-------+---------
